 Dungeon Crawl Stone Soup version 0.28.0-53-g5a82cb258f (webtiles) character file.

Game seed: 3890256676175054045

3123 Stomo the Protected (level 9, -7/74 HPs)
             Began as a Barachi Fighter on July 23, 2022.
             Was a Follower of Okawaru.
             Mangled by an orc warrior
             ... wielding a +0 war axe
              (14 damage)
             ... on level 8 of the Dungeon.
             The game lasted 00:12:44 (9614 turns).

Stomo the Protected (Barachi Fighter)               Turns: 9614, Time: 00:12:45

Health: -7/74      AC: 10    Str: 22    XL:     9   Next: 91%
Magic:  10/10      EV: 12    Int:  8    God:    Okawaru [*.....]
Gold:   303        SH:  5    Dex: 12    Spells: 8/8 levels left

rFire   . . .      SeeInvis .   u - +2 falchion (vorpal)
rCold   . . .      Faith    .   c - +0 buckler
rNeg    . . .      Spirit   .   b - +0 scale mail
rPois   .          Reflect  .   (no helmet)
rElec   .          Harm     .   (no cloak)
rCorr   +          Rampage  .   (no gloves)
Will    .....                   h - +1 pair of boots
Stlth   ..........              j - amulet of magic regeneration
HPRegen 0.22/turn               t - ring of resist corrosion
MPRegen 0.52/turn               (no ring)

@: unable to hop, slow
A: amphibious, slowness 1, strong legs 1, +LOS
a: Hop, Renounce Religion, Heroism


You were on level 8 of the Dungeon.
You worshipped Okawaru.
Okawaru was aware of your devotion.
You visited 2 branches of the dungeon, and saw 9 of its levels.
You also visited: Ossuary.

You collected 303 gold pieces.

Inventory:

Hand Weapons
 a - a +1 long sword
 k - a +2 scimitar
 u - a +2 vorpal falchion (weapon)
 y - a +0 great sword
 z - a +1 long sword
Armour
 b - a +0 scale mail (worn)
 c - a +0 buckler (worn)
 h - a +1 pair of boots (worn)
Jewellery
 j - an amulet of magic regeneration (around neck)
 q - a ring of willpower
 t - a ring of resist corrosion (left hand)
 w - a ring of wizardry
Wands
 x - a wand of flame (16)
 B - a wand of acid (8)
Scrolls
 f - 2 scrolls of teleportation
 r - a scroll of fog
 v - 3 scrolls of identify
 A - a scroll of magic mapping
Potions
 d - a potion of might
 e - a potion of haste
 g - 2 potions of mutation
 i - 4 potions of curing
 l - 2 potions of heal wounds {unknown}
 m - 3 potions of degeneration {unknown}
 n - a potion of invisibility {unknown}
 o - a potion of ambrosia {unknown}
 p - 3 potions of lignification
 s - 2 potions of brilliance {unknown}


   Skills:
 + Level 7.9 Fighting
 + Level 7.5 Long Blades
 + Level 8.0 Armour
 + Level 6.3 Dodging
 + Level 7.1 Shields
 + Level 2.5 Invocations


You had 8 spell levels left.
You didn't know any spells.
Your spell library contained the following spells:

 Spells                   Type           Power      Damage    Failure   Level
 Sting                    Tmut/Pois      0%         1d3       77%         1
 Corpse Rot               Necr/Air       0%         N/A       88%         2
 Static Discharge         Conj/Air       0%         N/A       88%         2
 Leda's Liquefaction      Hex/Erth       0%         N/A       100%        4
 Eringya's Noxious Bog    Tmut/Pois      0%         N/A       100%        6
 Chain Lightning          Conj/Air       0%         N/A       100%        9
 Summon Forest            Summ/Tloc      Unusable   N/A       N/A         5
 Haunt                    Necr/Summ      Unusable   N/A       N/A         7
 Summon Hydra             Summ           Unusable   N/A       N/A         7

Dungeon Overview and Level Annotations

Branches:
Dungeon (8/15)             Temple (1/1) D:6         Ossuary (visited)
   Lair: D:8-11

Altars:
Ashenzari
Cheibriados
Dithmenos
Elyvilon
Fedhas
Gozag
Hepliaklqana
Kikubaaqudgha
Makhleb
Nemelex Xobeh
Okawaru
Ru
Sif Muna
Trog
Vehumet
Yredelemnul
Zin

Shops:
D:3 *   D:8 *

Annotations:
D:3 3 runed translucent doors, Cidec's ghost, amateur FoFi


Innate Abilities, Weirdness & Mutations

You are amphibious.
You cover ground slowly.
You can hop short distances.
You have an extended range of vision and can be seen from far away.


Message History

The orc warrior barely misses you.
You hit the orc warrior.
The orc warrior is heavily wounded.
The orc warrior barely misses you.
Unknown command.
You closely miss the orc warrior.
The orc warrior is heavily wounded.
The orc warrior misses you.
You completely miss the orc warrior.
The orc warrior is heavily wounded.
The orc warrior hits you with a +0 war axe.
* * * LOW HITPOINT WARNING * * *
The orc warrior barely misses you.
Found Ygaholoc's Neck Hole.
Found a stone staircase leading down.
You hit the orc warrior but do no damage.
The orc warrior is heavily wounded.
You block the orc warrior's attack.
You hit the orc warrior.
The orc warrior is heavily wounded.
The orc hits you but does no damage.
You hit the orc.
The orc is moderately wounded.
The orc warrior hits you with a +0 war axe.
* * * LOW HITPOINT WARNING * * *
The orc hits you but does no damage.
Unknown command.
You hit the orc but do no damage.
The orc is moderately wounded.
You block the orc warrior's attack. The orc hits you but does no damage.
You slash the orc!
You kill the orc!
Okawaru accepts your kill. The orc warrior closely misses you.
You completely miss the orc warrior.
The orc warrior is heavily wounded.
The orc warrior hits you with a +0 war axe!
* * * LOW HITPOINT WARNING * * *
Unknown command.
The orc warrior hits you with a +0 war axe!
You die...

..............# .#
#.(.........##...
#.#.....#...##..#
#.#.<...#....#..#
###.#.####.....#..#
....#.####........#
#............#.#.#
#.........#.##...#
#.........#.# #@.#
#.........#.# #o.# ##
#.........#.###..#...###
#..######..<..).......∩.
#.. #...###......### #..
#.#.# ##.#..## #..
...#.# #>.##.# #.
#####.# #### ## ..#


You could see an orc warrior.

Vanquished Creatures
  A troll (D:7)
  An acid dragon (D:8)
  Duvessa (D:7)
  An ice beast (D:4)
  A black bear (D:6)
  A sky beast (D:7)
  2 ogres
  2 centaurs
  A kobold brigand (D:6)
  Blork the orc (D:6)
  8 scorpions (Ossuary)
  Dowan (D:7)
  3 killer bees (D:7)
  11 wights
  A human zombie (Ossuary)
  A bullfrog zombie (D:5)
  A bullfrog skeleton (D:4)
  A hound (D:6)
  A centaur skeleton (D:7)
  4 centaur zombies
  4 iguanas
  3 scorpion zombies
  An orc wizard (D:6)
  A killer bee zombie (D:7)
  4 mummies
  3 hound skeletons
  3 howler monkey zombies
  2 gnolls (D:1)
  9 adders
  2 shadow imps
  3 ufetubi
  2 worms
  5 dart slugs
  14 orcs
  5 ball pythons
  8 endoplasms
  3 giant cockroaches
  3 gnoll zombies (Ossuary)
  4 goblins
  11 hobgoblins
  3 jackals (D:4)
  3 quokkas
  4 bats
  3 frilled lizards
  3 goblin zombies
  9 kobolds
  2 kobold zombies (Ossuary)
  An orc zombie (Ossuary)
  5 rats
  A rat zombie (D:4)
168 creatures vanquished.

Vanquished Creatures (collateral kills)
  A kobold zombie (Ossuary)
1 creature vanquished.

Vanquished Creatures (others)
  4 fungi (D:7)
4 creatures vanquished.

Grand Total: 173 creatures vanquished

Notes
Turn   | Place    | Note
-------+----------+-------------------------------------------
     0 | D:1      | Stomo the Barachi Fighter began the quest for the Orb.
     0 | D:1      | Reached XP level 1. HP: 18/18 MP: 1/1
   168 | D:1      | Reached XP level 2. HP: 19/25 MP: 2/2
   570 | D:1      | Reached skill level 4 in Armour
   570 | D:1      | Reached skill level 1 in Dodging
   570 | D:1      | Reached XP level 3. HP: 17/30 MP: 3/3
   773 | D:1      | HP: 1/30 [gnoll/+0 spear (2)]
   781 | D:1      | HP: 1/30 [gnoll/+0 spear (1)]
  1373 | D:2      | Found a faded altar of an unknown god.
  1684 | D:2      | Reached XP level 4. HP: 36/37 MP: 4/4
  2329 | D:3      | Found Lueffurue's Assorted Antiques.
  2383 | D:3      | Found a runed translucent gate.
  2385 | D:3      | Found a runed translucent gate.
  2387 | D:3      | Found a runed translucent gate.
  2390 | D:3      | Noticed a kobold brigand
  2390 | D:3      | Noticed Cidec's ghost (amateur FoFi)
  2527 | D:3      | Noticed an ogre
  2541 | D:3      | Killed an ogre
  2542 | D:3      | Reached XP level 5. HP: 32/43 MP: 5/5
  2999 | D:3      | Found an opulent altar of Gozag.
  3181 | D:4      | Found a sand-covered staircase.
  3195 | Ossuary  | Entered an ossuary
  3217 | Ossuary  | Reached XP level 6. HP: 15/50 MP: 6/6
  3512 | Ossuary  | Reached skill level 5 in Fighting
  3512 | Ossuary  | Reached skill level 5 in Armour
  3673 | Ossuary  | Reached XP level 7. HP: 43/56 MP: 7/7
  3911 | Ossuary  | Reached skill level 5 in Shields
  4042 | Ossuary  | Reached skill level 5 in Long Blades
  4650 | Ossuary  | Reached XP level 8. HP: 64/64 MP: 8/8
  4663 | Ossuary  | Reached skill level 6 in Armour
  4738 | D:4      | Identified the +7 dagger of Extinguishment {pain, rC+ rCorr
                  | MP+9 Int+3}
  5116 | D:4      | Found a snail-covered altar of Cheibriados.
  5532 | D:5      | Entered Level 5 of the Dungeon
  5564 | D:5      | Got the Compendium of Gliding Calling
  6378 | D:5      | Reached skill level 5 in Dodging
  6517 | D:6      | Found a staircase to the Ecumenical Temple.
  6540 | Temple   | Entered the Ecumenical Temple
  6623 | Temple   | Became a worshipper of Warmaster Okawaru
  6677 | D:6      | Reached XP level 9. HP: 57/71 MP: 9/9
  6852 | D:6      | Got Sif Muna's Volume of Venom and Execration
  7076 | D:6      | Reached skill level 7 in Armour
  7372 | D:6      | Reached skill level 1 in Invocations
  7652 | D:6      | Noticed Blork the orc
  7668 | D:6      | Killed Blork the orc
  7669 | D:6      | Found a shimmering blue altar of Sif Muna.
  8038 | D:7      | Noticed a troll
  8065 | D:7      | HP: 1/72 [troll (7)]
  8387 | D:7      | Killed a troll
  8387 | D:7      | Reached * piety under Okawaru
  8868 | D:7      | Found an ancient bone altar of Kikubaaqudgha.
  8876 | D:7      | Found a sparkling altar of Nemelex Xobeh.
  8876 | D:7      | Found a sacrificial altar of Ru.
  9361 | D:7      | Found a shadowy altar of Dithmenos.
  9361 | D:7      | Noticed Duvessa
  9361 | D:7      | Noticed Dowan
  9374 | D:7      | Killed Duvessa
  9382 | D:7      | Killed Dowan
  9553 | D:8      | Reached skill level 8 in Armour
  9604 | D:8      | Found Ygaholoc's Neck Hole.
  9614 | D:8      | Mangled by an orc warrior

Illustrated notes

Levels and vault maps discovered:
D:1:      lightli_arrival_noodles, layout_loops_ring, minmay_3d_cube
D:2:      layout_loops_corners, basic_ecumenical_altar
D:3:      layout_loops_cross, mainiacjoe_overflow_surrounded_room,
          gammafunk_ghost_nasty_kobolds, serial_shops, nicolae_shop_statue_plus
D:4:      layout_cave_pools, slow_altar_1, enter_ossuary_4,
          minmay_goblin_outpost
D:5:      layout_basic, solitary_fountain
D:6:      layout_basic, tgw_sif, minmay_temple_entry_junction
D:7:      layout_loops_ring, lemuel_doored_altar, mainiacjoe_overflow_alcove_4,
          mainiacjoe_overflow_divided_tiny, uniq_duvessa
D:8:      layout_basic, nicolae_tso_besieged_by_evil, enter_bailey_5,
          nicolae_shop_sticking_my_neck_out, uniq_grum, uniq_harold,
          uniq_maurice
Temple:   cyrus_temple_forest

Skill      XL: |  1  2  3  4  5  6  7  8  9 |
---------------+----------------------------+-----
Fighting       | 4 5 6 7 |  7.9
Armour         | 4 5 6 8 |  8.0
Dodging        | 1 2 3 5 6 |  6.3
Long Blades    | 3 4 5 6 7 |  7.5
Shields        | 4 5 6 7 |  7.1
Invocations    | 2 |  2.5

Action                   |  1- 3 |  4- 6 |  7- 9 || total
-------------------------+-------+-------+-------++-------
Melee: Long sword        |   101 |   126 |   142 ||   369
       Falchion          |       |       |   381 ||   381
 Abil: Hop               |     4 |     4 |     5 ||    13
  Use: Scroll            |       |     5 |     9 ||    14
       Potion            |       |       |     5 ||     5
Armor: Scale mail        |    48 |    56 |   221 ||   325
Dodge: Dodged            |    41 |    63 |   272 ||   376
Block: Buckler           |    33 |    29 |   147 ||   209
